 Dungeon Crawl Stone Soup version 0.17-a0-1411-g06ff558 (webtiles) character file.

326 WellDressedCM the Sneak (level 6, -5/47 HPs)
             Began as a Vampire Monk on June 23, 2015.
             Was a Believer of Yredelemnul.
             Slain by a wasp (8 damage)
             ... on level 3 of the Dungeon on June 24, 2015.
             The game lasted 00:35:18 (2744 turns).

WellDressedCM the Sneak (Vampire Monk)              Turns: 2744, Time: 00:35:20

Health: -5/47      AC:  3    Str: 10    XL:     6   Next: 24%
Magic:  6/6        EV: 15    Int: 12    God:    Yredelemnul [**....]
Gold:   103        SH:  0    Dex: 19    Spells: 0 memorised, 5 levels left

rFire  . . .     SeeInvis +       - Unarmed
rCold  . . .     Clarity  .     a - +1 robe
rNeg   + . .     SustAt   .     (no shield)
rPois  .         Gourm    .     (no helmet)
rElec  .         Spirit   .     (no cloak)
rCorr  .         Warding  .     (no gloves)
rMut   .         Stasis   .     (no boots)
MR     .....                    (no amulet)
Stlth  ++++......               (no ring)
                                (no ring)

@: lethally poisoned (-5 -> -23), very slightly contaminated, hasted and slowed,
not resistant to hostile enchantments, stealthy
A: fangs 3, see invisible, unbreathing
a: Bat Form, Animate Remains, Recall Undead Slaves, Injury Mirror, Renounce
Religion


You were on level 3 of the Dungeon.
You worshipped Yredelemnul.
Yredelemnul was pleased with you.
You were not thirsty.

You visited 1 branch of the dungeon, and saw 3 of its levels.

You collected 103 gold pieces.

Inventory:

Hand weapons
 f - a +0 arbalest
Missiles
 d - 58 poisoned needles
 e - 2 needles of slowing
 h - 8 tomahawks (quivered)
 k - 7 javelins
Armour
 a - a +1 robe (worn)
Rods
 g - a +2 rod of inaccuracy (13/13)
   (You found it on level 3 of the Dungeon)
Magical devices
 o - a wand of flame (32)
Scrolls
 c - 4 scrolls of remove curse
 j - a scroll of identify
 m - a scroll of enchant armour
 n - a scroll of amnesia
Potions
 b - 13 potions of blood
 l - 2 potions of invisibility {unknown}


   Skills:
 + Level 3.1 Fighting
 + Level 0.4 Throwing
 + Level 4.2 Dodging
 * Level 6.3 Stealth
 * Level 6.3 Unarmed Combat


You had 5 spell levels left.
You didn't know any spells.

Dungeon Overview and Level Annotations

Branches:
Dungeon (3/15)

Altars:
Fedhas
Kikubaaqudgha
Makhleb
Qazlal
Vehumet
Xom
Yredelemnul


Innate Abilities, Weirdness & Mutations

You have razor-sharp teeth.
You have supernaturally acute eyesight.
You can survive without breathing.


Message History

The wasp stings you but does no damage.
You are very lightly contaminated with residual magic.
* * * LOW HITPOINT WARNING * * *
You feel sick.
* * * LOW HITPOINT WARNING * * *
You feel sick. The wasp stings you.
* * * LOW HITPOINT WARNING * * *
You are more poisoned.
You feel as though you will be slow longer.
Evoke which item? (* to show all) (? for menu, Esc to quit)
Zapping:
o - a wand of flame (33)
Press: ? - help, Shift-Dir - straight line, f - wasp
Aim: a wasp (heavily wounded)
The puff of flame hits the wasp.
The wasp is heavily wounded.
This wand has 32 charges left.
* * * LOW HITPOINT WARNING * * *
You feel sick. The wasp stings you!
You die...
Yredelemnul claims you as an undead slave.

##. ###... ..... #...#
.# ...## .. #..# #. #.#
#.# #. ####.#######y# #.
####...........@# ##
#....≈≈≈≈≈.≈≈≈≈.#
############
#....≈≈≈≈≈.≈≈≈≈.#
#...........
#....≈≈≈≈≈.≈≈≈≈.#
#.##########
#....≈≈≈≈≈.≈≈≈≈.#####.#
###
#..........≈≈≈≈....##.#
#....
#....≈≈≈≈.......##.##.#
#.###
####+.≈≈≈≈.≈≈≈≈≈.##.##.#
#.#
......≈≈≈≈.≈≈≈≈≈.##.##.#
#.#


You could see a wasp.

Vanquished Creatures
  An ogre (D:3)
  A giant frog (D:3)
  Terence (D:2)
  3 iron imps (D:3)
  4 adders (D:3)
  An ooze (D:2)
  A giant gecko (D:1)
  3 orcs (D:3)
  3 ball pythons
  2 bats (D:3)
  2 giant cockroaches
  5 hobgoblins
  3 kobolds
  A quokka (D:3)
  3 giant newts
  8 goblins
  12 rats
54 creatures vanquished.

Vanquished Creatures (others)
  A goblin zombie (D:3)
1 creature vanquished.

Grand Total: 55 creatures vanquished

Notes
Turn   | Place    | Note
--------------------------------------------------------------
     0 | D:1      | WellDressedCM the Vampire Monk began the quest for the Orb.
     0 | D:1      | Reached XP level 1. HP: 17/17 MP: 1/1
   440 | D:1      | Reached XP level 2. HP: 2/23 MP: 2/2
  1179 | D:2      | Noticed Terence
  1197 | D:2      | Killed Terence
  1197 | D:2      | Reached skill level 5 in Unarmed Combat
  1197 | D:2      | Reached XP level 3. HP: 15/28 MP: 3/3
  1624 | D:2      | Found a basalt altar of Yredelemnul.
  1636 | D:2      | Became a worshipper of Yredelemnul the Dark
  1636 | D:2      | Acquired Yredelemnul's first power
  1636 | D:2      | Acquired Yredelemnul's second power
  1785 | D:3      | Found a burning altar of Makhleb.
  1795 | D:3      | Reached XP level 4. HP: 28/35 MP: 4/4
  1801 | D:3      | Reached skill level 5 in Stealth
  1822 | D:3      | Reached XP level 5. HP: 15/41 MP: 5/5
  2092 | D:3      | Found a shimmering altar of Xom.
  2357 | D:3      | Found an ancient bone altar of Kikubaaqudgha.
  2358 | D:3      | Found a blossoming altar of Fedhas.
  2380 | D:3      | Found a stormy altar of Qazlal.
  2490 | D:3      | Noticed a giant frog
  2496 | D:3      | Killed a giant frog
  2496 | D:3      | Reached skill level 6 in Unarmed Combat
  2525 | D:3      | Found a radiant altar of Vehumet.
  2581 | D:3      | Noticed an ogre
  2603 | D:3      | Killed an ogre
  2603 | D:3      | Reached XP level 6. HP: 32/47 MP: 6/6
  2727 | D:3      | Noticed a wasp
  2738 | D:3      | Paralysed by a wasp for 3 turns
  2744 | D:3      | Slain by a wasp

Vault maps used:
D:1:      minmay_arrival_wavy_path, roderic_lattice_a, glass_columns_b,
          minmay_misc_feat_rows
D:2:      first_bread, yredelemnul_altar_generic, uniq_terence
D:3:      grunt_temple_overflow_growth_and_decay, demons_altar,
          nicolae_overflow_hidden_temple, vehumet_altar_wand_db, minivault_14,
          lemuel_tele_altar

Action                   |  1- 3 |  4- 6 || total
-------------------------+-------+-------++-------
Melee: Unarmed           |    92 |   107 ||   199
Throw: Tomahawk          |     6 |       ||     6
Invok: Injury Mirror     |     1 |       ||     1
       Animate Remains   |       |     1 ||     1
       Recall Undead Sla |       |     1 ||     1
Evoke: Wand              |       |     3 ||     3
  Use: Potion            |     7 |    12 ||    19
       Scroll            |     5 |     3 ||     8
 Stab: Sleeping          |     9 |     4 ||    13
       Distracted        |     1 |     1 ||     2
  Eat: Corpse            |     1 |       ||     1
